 Dungeon Crawl Stone Soup version 0.28.0-47-ge53b351184 (webtiles) character file.

Game seed: 8866971084222730555

39 Bamboolord the Slasher (level 3, -2/28 HPs)
             Began as a Demonspawn Gladiator on May 8, 2022.
             Slain by a hobgoblin
             ... wielding a +0 quarterstaff
              (3 damage)
             ... on level 2 of the Dungeon.
             The game lasted 00:02:04 (1447 turns).

Bamboolord the Slasher (Demonspawn Gladiator)       Turns: 1447, Time: 00:02:04

Health: -2/28      AC:  7    Str: 16    XL:     3   Next: 26%
Magic:  3/3        EV: 11    Int:  9    God:
Gold:   64         SH:  0    Dex: 14    Spells: 2/2 levels left

rFire   . . .      SeeInvis .   a - +0 long sword
rCold   . . .      Faith    .   (no shield)
rNeg    . . .      Spirit   .   f - +0 ring mail
rPois   .          Reflect  .   c - +0 helmet
rElec   .          Harm     .   j - +0 cloak
rCorr   .          Rampage  .   (no gloves)
Will    .....                   (no boots)
Stlth   +.........              (no amulet)
HPRegen 0.09/turn               (no ring)
MPRegen 0.08/turn               (no ring)

@: no status effects
A: hooves 1
a: no special abilities


You were on level 2 of the Dungeon.
You visited 1 branch of the dungeon, and saw 2 of its levels.

You collected 64 gold pieces.

Inventory:

Hand Weapons
 a - a +0 long sword (weapon)
Missiles
 d - 3 throwing nets (quivered)
Armour
 c - a +0 helmet (worn)
 f - a +0 ring mail (worn)
 j - a +0 cloak (worn)
Scrolls
 b - a scroll of enchant weapon {unknown}
 e - 2 scrolls of identify {unknown}
 g - a scroll of amnesia {unknown}
 h - a scroll of vulnerability {unknown}
 k - a scroll of teleportation {unknown}
 n - a scroll of magic mapping {unknown}
Potions
 i - a potion of mutation {unknown}
 l - a potion of curing
 m - a potion of ambrosia {unknown}


   Skills:
 * Level 2.3 Fighting
 * Level 3.5 Long Blades
 - Level 1.7 Throwing
 * Level 0.7 Armour
 + Level 2.8 Dodging


You had 2 spell levels left.
You didn't know any spells.
Your spell library contained the following spells:

 Spells                   Type           Power      Damage    Failure   Level
 Beastly Appendage        Tmut           0%         N/A       61%         1
 Wereblood                Tmut           0%         N/A       75%         2
 Spider Form              Tmut/Pois      0%         N/A       93%         3


Dungeon Overview and Level Annotations

Branches:
Dungeon (2/15)

Altars:
Elyvilon

Annotations:
D:2 Robin


Innate Abilities, Weirdness & Mutations

You have large cloven feet.


Message History

Robin roars a battlecry!
Robin throws the goblin at you! The goblin hits you but does no damage.
Robin throws the goblin at you! The goblin misses you.
Things that are here:
a +0 club; a goblin corpse You slash the goblin!
You kill the goblin!
The goblin hits you but does no damage. The goblin barely misses you.
Unknown command.
The goblin barely misses you. The goblin hits you but does no damage.
The goblin closely misses you.
Robin laughs in a distinctly smug fashion.
The hobgoblin no longer looks unusually strong.
The hobgoblin no longer looks unusually strong.
The goblin no longer looks unusually strong.
Robin roars a battlecry!
The goblins go into a battle-frenzy!
The goblin no longer looks unusually strong.
Robin says, "Bow before me, strongest of all the hobgoblins!"
Robin roars a battlecry!
The goblin goes into a battle-frenzy!
A hobgoblin comes into view.
It is wielding a +0 quarterstaff and quivering poisoned darts.
The hobgoblin throws a poisoned dart.
The poisoned dart closely misses you.
The poisoned dart hits the goblin!
The goblin is poisoned.
The hobgoblin misses you.
You closely miss the hobgoblin.
The goblin dies!
The hobgoblin hits you with a +0 quarterstaff.
You completely miss the hobgoblin.
The hobgoblin hits you with a +0 quarterstaff!
* * * LOW HITPOINT WARNING * * *
The goblin misses you.
You hit the hobgoblin.
The hobgoblin is almost dead.
The hobgoblin closely misses you. The goblin hits you but does no damage.
The hobgoblin drinks a potion.
The hobgoblin is healed!
Unknown command.
The hobgoblin hits you with a +0 quarterstaff.
You die...

#....## .. +....+.
#.# #....## #.#
####... #.#
#######.## #.#
........## #.####
#######...
#.#..### #.##
#.gg)#@### #.#
#.#.#gg#.### #.#
#.#'#.#..#.### #.#
###.#.###.#..#.###
#.# #.gg#..
###.#..#.### #.#
..# ###...###
###.#..#.#'#.##
..# #.....#
###......#... ..#
#....g#
##.#..#.##... ..#
#.....#
##.#..#.###...


You could see a hobgoblin and a goblin (strong).

Vanquished Creatures
  3 dart slugs
  2 endoplasms
  A giant cockroach (D:1)
  2 hobgoblins
  A quokka (D:1)
  3 ball pythons
  2 bats
  2 frilled lizards (D:1)
  10 goblins
  3 kobolds (D:1)
  A rat (D:1)
30 creatures vanquished.

Vanquished Creatures (others)
  A goblin (D:2)
1 creature vanquished.

Grand Total: 31 creatures vanquished

Notes
Turn   | Place    | Note
-------+----------+-------------------------------------------
     0 | D:1      | Bamboolord the Demonspawn Gladiator began the quest for the
                  | Orb.
     0 | D:1      | Reached XP level 1. HP: 16/16 MP: 1/1
   136 | D:1      | Found a faded altar of an unknown god.
   259 | D:1      | Reached skill level 3 in Long Blades
   259 | D:1      | Gained mutation: You have large cloven feet. [demonic
                  | ancestry]
   259 | D:1      | Reached XP level 2. HP: 20/22 MP: 2/2
  1356 | D:2      | Reached XP level 3. HP: 27/27 MP: 3/3
  1400 | D:2      | Noticed Robin
  1445 | D:2      | HP: 1/28 [hobgoblin/+0 quarterstaff (8)]
  1447 | D:2      | Slain by a hobgoblin

Illustrated notes

Levels and vault maps discovered:
D:1:      eino_arrival_druids_welcome, layout_loops_corners,
          ebering_ecumenical_altar_box, bh_walls_and_bars
D:2:      minmay_razor_zed, layout_basic, basic_altar, uniq_robin, uniq_natasha

Skill      XL: |  1 |
---------------+----+-----
Long Blades    | 3 |  3.5
Fighting       | |  2.3
Throwing       | |  1.7
Armour         | |  0.7
Dodging        | |  2.8

Action                   || total
-------------------------++-------
Melee: Long sword        ||    88
       Kick              ||    16
Armor: Leather armour    ||     4
       Ring mail         ||    53
Dodge: Dodged            ||    75
